 Dungeon Crawl Stone Soup version 0.22-a0-147-gfdd7f25 (webtiles) character file.

289 Lapis the Sneak (level 6, -8/41 HPs)
             Began as an Octopode Assassin on Feb 6, 2018.
             Killed from afar by wazuzu's ghost (11 damage)
             ... with a magic dart
             ... on level 4 of the Dungeon.
             The game lasted 00:05:11 (2841 turns).

Lapis the Sneak (Octopode Assassin)                 Turns: 2841, Time: 00:05:12

Health: -8/41      AC:  1    Str: 10    XL:     6   Next: 31%
Magic:  9/9        EV: 13    Int: 14    God:
Gold:   152        SH:  0    Dex: 15    Spells: 8/9 levels left

rFire    . . .     SeeInvis .   l - +2 dagger (elec)
rCold    . . .     Gourm    +   (no shield)
rNeg     . . .     Faith    .   (helmet restricted)
rPois    .         Spirit   .   j - amulet of the gourmand
rElec    .         Reflect  .   (no ring)
rCorr    .         Harm     .   (no ring)
MR       .....                  (no ring)
Stlth    +++++.....             (no ring)
HPRegen  0.13/turn              (no ring)
MPRegen  0.11/turn              (no ring)
                                (no ring)
                                (no ring)

@: no status effects
A: almost no armour, stealthy swim, amphibious, 8 rings, constrict 8, camouflage
1, gelatinous body 1
a: no special abilities


You were on level 4 of the Dungeon.
You were very full.

You visited 1 branch of the dungeon, and saw 4 of its levels.

You collected 152 gold pieces.

Inventory:

Hand Weapons
 a - a +2 dagger
 b - a +0 blowgun
 l - a +2 dagger of electrocution (weapon)
 p - a +2 short sword of venom
Missiles
 c - 22 poisoned needles
 d - 2 curare-tipped needles
Jewellery
 j - an amulet of the gourmand (around mantle)
Wands
 r - a wand of enslavement (18)
 t - a wand of flame (27)
Scrolls
 e - 3 scrolls of fog {unknown}
 g - 2 scrolls of blinking {unknown}
 i - 4 scrolls of identify {unknown}
 n - a scroll of immolation {unknown}
 q - 3 scrolls of teleportation {unknown}
 s - a scroll of magic mapping {unknown}
 u - 3 scrolls of remove curse {unknown}
 w - a scroll of fear {unknown}
Potions
 h - 3 potions of heal wounds {unknown}
 k - 2 potions of curing {unknown}
 m - a potion of agility
 v - 2 potions of brilliance {unknown}
Books
 o - a book of Cantrips

   Spells                             Type                      Level
   a - Confusing Touch                Hexes                        1
   b - Animate Skeleton               Necromancy                   1
   c - Summon Small Mammal            Summoning                    1
   d - Apportation                    Translocation                1
Comestibles
 f - 2 rations


   Skills:
 * Level 2.6 Fighting
 * Level 2.8 Short Blades
 - Level 2.0 Throwing
 * Level 1.7 Dodging
 * Level 7.8 Stealth
 - Level 2.0 Spellcasting
 - Level 2.0 Hexes


You had 8 spell levels left.
You knew the following spells:

 Your Spells              Type           Power        Failure   Level  Hunger
a - Confusing Touch       Hex            #.....       11%         1    ##.....


Dungeon Overview and Level Annotations

Branches:
Dungeon (4/15)
 Temple: D:4-7

Altars:
Xom

Annotations:
D:4 Dowan; Duvessa; wazuzu's ghost, novice GnWz


Innate Abilities, Weirdness & Mutations

You cannot wear most types of armour.
You are very stealthy in the water. (Stealth+)
You are amphibious.
You can wear up to eight rings at the same time.
You can use your tentacles to constrict eight enemies at once.
Your skin changes colour to match your surroundings (Stealth+).
Your rubbery body absorbs attacks. (AC +1, EV +1)


Message History

You are too injured to fight recklessly!
Unknown command.
You release your grip on the worker ant.
The worker ant bites you.
The phantom blinks!
Dowan throws and catches a handful of magical flame, then smirks.
The worker ant waves its antennae.
The worker ant barely misses you.
Dowan gestures wildly while chanting.
Dowan blinks!
The phantom blinks!
Wazuzu's ghost (novice Gnoll Wizard) comes into view.
It is wielding a vorpal weapon.
The worker ant misses you.
Duvessa says, "When magic and the sword combine, nothing stands against them."
Wazuzu's ghost turns its malevolent gaze towards you.
Wazuzu's ghost hits you!
* * * LOW HITPOINT WARNING * * *
x2 The worker ant closely misses you.
Wazuzu's ghost casts a spell at you. The magic dart hits you!
You die...

..#.......#......##...#...##.
..........................##.
.##.#........................
###..............e...###..##(
...#.................#.......
##.....................#.....
#...........W.........#.....
#..##.......(a.......#...#...
.......<....@........###...##
######..............## ..###.
##............## (### .
#####.###....###.##
#...###........ ###.#
#.######. .# #.# # #.# #..>.#


You could see Duvessa, a worker ant and wazuzu's ghost.

Vanquished Creatures
  A hound (D:4)
  Crazy Yiuf (D:2)
  An orc wizard (D:4)
  Jessica (D:2)
  A worker ant (D:4)
  6 adders
  2 worms
  A dart slug (D:1)
  4 leopard geckos
  4 orcs
  2 ball pythons
  6 giant cockroaches
  6 goblins
  9 hobgoblins
  4 jackals
  3 quokkas
  9 bats
  2 frilled lizards
  9 kobolds
  12 rats
84 creatures vanquished.

Notes
Turn   | Place    | Note
-------+----------+-------------------------------------------
     0 | D:1      | Lapis the Octopode Assassin began the quest for the Orb.
     0 | D:1      | Reached XP level 1. HP: 14/14 MP: 1/1
   383 | D:1      | Reached XP level 2. HP: 19/19 MP: 2/2
   604 | D:1      | Reached skill level 6 in Stealth
   714 | D:1      | Found a shattered altar of Ashenzari.
   716 | D:1      | Found a glowing silver altar of Zin.
   716 | D:1      | Found a radiant altar of Vehumet.
   720 | D:1      | Found a shimmering altar of Xom.
   720 | D:1      | Found a shattered altar of Ashenzari.
   720 | D:1      | Found a shattered altar of Ashenzari.
   778 | D:2      | Reached XP level 3. HP: 24/24 MP: 3/3
  1144 | D:2      | Reached XP level 4. HP: 29/29 MP: 4/4
  1154 | D:2      | Learned a level 1 spell: Confusing Touch
  1425 | D:2      | Found a runed door.
  1429 | D:2      | Noticed Crazy Yiuf
  1433 | D:2      | Killed Crazy Yiuf
  1433 | D:2      | Reached skill level 1 in Spellcasting
  1433 | D:2      | Reached skill level 1 in Hexes
  1554 | D:2      | Found a faded altar of an unknown god.
  1612 | D:2      | Noticed Jessica
  1617 | D:2      | Killed Jessica
  1617 | D:2      | Reached XP level 5. HP: 34/34 MP: 5/7
  2175 | D:3      | Reached skill level 7 in Stealth
  2695 | D:4      | Reached XP level 6. HP: 35/41 MP: 9/9
  2819 | D:4      | Noticed Dowan
  2819 | D:4      | Noticed a phantom
  2820 | D:4      | Noticed Duvessa
  2834 | D:4      | Noticed wazuzu's ghost (novice GnWz)
  2841 | D:4      | Killed from afar by wazuzu's ghost

Vault maps used:
D:1:      minmay_arrival_loop, doesnt_xom_only_xom
D:2:      chequers_ecumenical_altar_twisty, uniq_crazy_yiuf_cottage,
          uniq_jessica
D:3:      kennysheep_decorative_pillar
D:4:      kennysheep_mini, uniq_duvessa

Skill      XL: |  1  2  3  4  5 |
---------------+----------------+-----
Stealth        | 6 7 |  7.8
Spellcasting   | 1 2 |  2.0
Hexes          | 1 2 |  2.0
Fighting       | |  2.6
Short Blades   | |  2.8
Throwing       | |  2.0
Dodging        | |  1.7

Action                   |  1- 3 |  4- 6 || total
-------------------------+-------+-------++-------
Melee: Dagger            |    37 |    90 ||   127
       Constrict         |     5 |    20 ||    25
       Tentacles         |     2 |    11 ||    13
 Cast: Confusing Touch   |       |     3 ||     3
  Use: Potion            |     1 |       ||     1
 Stab: Sleeping          |    11 |    24 ||    35
       Distracted        |     1 |     1 ||     2
  Eat: Chunk             |     3 |    12 ||    15
Armor: Skin              |       |    12 ||    12
Dodge: Dodged            |    27 |    52 ||    79

Table legend:
 A = Spawn XP
 B = Non-spawn XP
 C = Spawn XP percentage of total XP
 D = Spawn monster count
 E = Non-spawn monster count
 F = Spawn count percentage of total count
 G = Total turns spent on level
                    A         B        C        D         E        F      G
               +---------+---------+-------+---------+---------+-------+---------
         Total |       0 |     413 |   0.0 |       0 |      84 |   0.0 |  2841
               +---------+---------+-------+---------+---------+-------+---------
           D:1 |       0 |      27 |   0.0 |       0 |      16 |   0.0 |   761
           D:2 |       0 |     178 |   0.0 |       0 |      30 |   0.0 |  1092
           D:3 |       0 |      75 |   0.0 |       0 |      27 |   0.0 |   805
           D:4 |       0 |     133 |   0.0 |       0 |      11 |   0.0 |   183
               +---------+---------+-------+---------+---------+-------+---------
